 Dungeon Crawl Stone Soup version 0.31-a0-150-g89dc3ad700 (webtiles) character file.

Game seed: 1485286574052221669

62 qw the Shooter (level 3, -5/31 HPs)
             Began as a Minotaur Hunter on June 8, 2023.
             Slain by a gnoll
             ... wielding a +0 club
              (7 damage)
             ... on level 2 of the Dungeon.
             The game lasted 00:00:40 (1466 turns).

qw the Shooter (Minotaur Hunter)                    Turns: 1466, Time: 00:00:40

Health: -5/31      AC:  5    Str: 15    XL:     3   Next: 85%
Magic:  2/2        EV: 11    Int:  6    God:
Gold:   138        SH:  0    Dex: 15    Spells: 2/2 levels left

rFire   . . .        Y - +0 shortbow
rCold   . . .        (shield currently unavailable)
rNeg    . . .        e - +0 ring mail
rPois   .            (helmet restricted)
rElec   .            (no cloak)
rCorr   .            (no gloves)
SInv    .            (no boots)
Will    .....        (no amulet)
Stlth   +            (no ring)
HPRegen 0.25/turn    (no ring)
MPRegen 0.08/turn

%: no passive effects
@: lethally poisoned (-5 -> -19)
A: horns 2, retaliatory headbutt
a: no special abilities


You were on level 2 of the Dungeon.
You visited 1 branch of the dungeon, and saw 2 of its levels.

You collected 138 gold pieces.


Innate Abilities, Weirdness & Mutations

You have a pair of horns on your head.
You reflexively headbutt those who attack you in melee.


   Skills:
 - Level 3.2 Fighting
 + Level 5.6 Ranged Weapons
 - Level 1.0 Armour
 - Level 2.1 Dodging
 - Level 0.7 Stealth


You had 2 spell levels left.
You didn't know any spells.
Your spell library was empty.

Inventory:

Hand Weapons
 Y - a +0 shortbow (weapon)
Armour
 e - a +0 ring mail (worn)
Scrolls
 b - 2 scrolls of teleportation
Potions
 a - a potion of attraction {unknown}
 c - a potion of brilliance {unknown}

Dungeon Overview and Level Annotations

Branches:
Dungeon (2/15)

Altars:

Annotations:
D:2 Sigmund


Message History

You shoot an arrow.
The arrow hits the gnoll but does no damage.
The gnoll is moderately wounded.
You shoot an arrow.
The arrow hits the gnoll but does no damage.
The gnoll is moderately wounded.
The adder bites the plant.
The plant begins to die.
You shoot an arrow.
The arrow hits the gnoll but does no damage.
The gnoll is moderately wounded.
The gnoll hits you but does no damage. The gnoll hits you with a +0 club.
You shoot an arrow. The arrow hits the gnoll.
The gnoll is heavily wounded.
The adder bites the plant.
The plant begins to die.
You shoot an arrow.
The arrow hits the gnoll but does no damage.
The gnoll is heavily wounded.
The gnoll closely misses you. The adder bites you but does no damage.
You shoot an arrow. The arrow closely misses the gnoll.
A nearby plant withers and dies.
The gnoll hits you with a +0 club. The gnoll closely misses you.
The adder closely misses you.
The gnoll hits the plant with a +0 flail!
The adder bites you.
You are poisoned.
The adder poisons you!
The gnoll splashes around in the water.
The gnoll closely misses you.
You shoot an arrow. The arrow hits the gnoll.
The gnoll is almost dead.
You feel sick.
The gnoll hits the plant with a +0 flail!
The adder bites you.
You are more poisoned.
The adder poisons you! The gnoll hits you with a +0 club.
The gnoll hits you with a +0 whip.
You shoot an arrow. The arrow barely misses the gnoll.
You feel very sick.
A nearby plant withers and dies.
The adder bites you.
You are more poisoned.
The adder poisons you! The gnoll hits you with a +0 club!
You die...

...7 .## ..77 P.# ~....#
.P7 7..# ~.P#.# ..77..##
77~.~.. .......# 7~.P..
..P.##.#P~7 7~~..# ###
77..# .#P~~ 7~.g< #.#
777.##..~~~7P7~gS####.#
7.7
PP........~~~~.g@.....#
##7.7##
7P..#..#...PP.P#.######
#.7.7.. .......#
#######.## #####.#.###
##..#.## #...#
#........## #....# #...#
#.###%#..## #.##.# #..)#
#.# #.<.... ##.##.#
#####...#####.# #......
#...#.#####...........#.#
#..#.#.
..#.#...................#
#..#...


You could see 3 gnolls and an adder.

Vanquished Creatures
  3 adders (D:2)
  A worm (D:2)
  4 ball pythons
  2 bats (D:2)
  2 endoplasms
  2 giant cockroaches
  3 goblins
  3 hobgoblins
  3 jackals (D:2)
  2 kobolds (D:2)
  A quokka (D:1)
  3 rats
29 creatures vanquished.

Notes
Turn   | Place    | Note
-------+----------+-------------------------------------------
     0 | D:1      | qw the Minotaur Hunter began the quest for the Orb.
     0 | D:1      | Reached XP level 1. HP: 18/18 MP: 0/0
     0 | D:1      | 0 ||| qw: Version: 0.2-a-119-g7aa9181
     0 | D:1      | 0 ||| qw: Game counter: 2811
     0 | D:1      | 0 ||| qw: Always use a shield: true
     0 | D:1      | 0 ||| qw: God list: Okawaru
     0 | D:1      | 0 ||| qw: Allow faded altars: false
     0 | D:1      | 0 ||| qw: Do Orc after D:15 true
     0 | D:1      | 0 ||| qw: Do second Lair branch before Depths: true
     0 | D:1      | 0 ||| qw: Lair rune preference: random
     0 | D:1      | 0 ||| qw: Plans: Normal
     0 | D:1      | 0 ||| PLANNING D:1-11
   166 | D:1      | Reached XP level 2. HP: 25/25 MP: 1/1
   373 | D:1      | Reached skill level 5 in Ranged Weapons
   598 | D:1      | 598 ||| UPGRADING to +0 ring mail.
   608 | D:1      | 608 ||| DROPPING +0 leather armour.
   609 | D:1      | 609 ||| READING scroll labelled ESU FICKOA.
   610 | D:1      | 610 ||| READING 2 scrolls labelled VATACHOCIB.
   611 | D:1      | 611 ||| READING scroll labelled QEDEEN POTT.
   616 | D:1      | 616 ||| DROPPING scroll of butterflies.
   617 | D:1      | 617 ||| DROPPING scroll of immolation.
   678 | D:2      | Reached skill level 1 in Armour
   698 | D:2      | Reached skill level 3 in Fighting
   698 | D:2      | Reached XP level 3. HP: 31/31 MP: 2/2
   828 | D:2      | 828 ||| READING scroll labelled MIGRIY PAADAOS.
  1253 | D:2      | Noticed Sigmund
  1270 | D:2      | HP: 3/31 [goblin/sling bullet (6)]
  1271 | D:2      | 1271 ||| READING 3 scrolls of teleportation.
  1466 | D:2      | HP: 6/31 [poisoned by an adder]
  1466 | D:2      | HP: 2/31 [adder (4)]
  1466 | D:2      | Slain by a gnoll

Levels and vault maps discovered:
D:1:      dpeg_arrival_tiny_d, layout_basic
D:2:      layout_loops_cross, serial_forest, infiniplex_forest_clump_diagonal,
          infiniplex_forest_3_way, infiniplex_forest_straight_1,
          infiniplex_forest_corner_1, infiniplex_forest_clump_double,
          grunt_decor_clamped, serial_bayou_pond_c, uniq_sigmund

Skill      XL: |  1  2 |
---------------+-------+-----
Ranged Weapons | 5 |  5.6
Armour         | 1 |  1.0
Fighting       | 3 |  3.2
Dodging        | |  2.1
Stealth        | |  0.7

Action                     || total
---------------------------++-------
   Fire: Shortbow          ||   122
    Use: Scroll            ||     5
 Armour: Leather armour    ||     3
         Ring mail         ||    11
  Dodge: Dodged            ||    39

Table legend:
 A = Non-vault XP
 B = Vault XP
 C = Vault XP percentage of total XP
 D = Non-vault monster count
 E = Vault monster count
 F = Vault count percentage of total count
                 A         B        C        D         E       F
            +---------+---------+-------+---------+---------+-------
      Total |      89 |       0 |   0.0 |      29 |       0 |   0.0
            +---------+---------+-------+---------+---------+-------
        D:1 |      15 |       0 |   0.0 |       9 |       0 |   0.0
        D:2 |      74 |       0 |   0.0 |      20 |       0 |   0.0
            +---------+---------+-------+---------+---------+-------
